 Dungeon Crawl Stone Soup version 0.20.0-4-g10b340a (webtiles) character file.

19 shklvsk the Chopper (level 2, -69/24 HPs)
             Began as a Mummy Berserker on May 27, 2017.
             Was a Follower of Trog.
             Killed from afar by a jackal (70 damage)
             ... with an exploding inner flame
             ... hexed by the player character
             ... on level 1 of the Dungeon.
             The game lasted 00:01:36 (734 turns).

shklvsk the Chopper (Mummy Berserker)                Turns: 734, Time: 00:01:37

Health: -69/24     AC:  3    Str: 20    XL:     2   Next: 55%
Magic:  2/2        EV: 12    Int:  6    God:    Trog [*.....]
Gold:   18         SH:  0    Dex: 11    Spells: 1/1 levels left

rFire    x . .     SeeInvis .   a - +0 hand axe
rCold    + . .     Gourm    .   (no shield)
rNeg     + + +     Faith    .   b - +1 animal skin
rPois    ∞         Spirit   .   (no helmet)
rElec    .         Reflect  .   (no cloak)
rCorr    .         Harm     .   (no gloves)
MR       .....                  (no boots)
Stlth    +.........             (no amulet)
Regen    0.1/turn               (no ring)
MPRegen  0.1/turn               (no ring)

@: no status effects
A: no food or potions, fire vulnerability, cold resistance 1, negative energy
resistance 3, torment resistance, unbreathing
a: Burn Spellbooks, Renounce Religion


You were on level 1 of the Dungeon.
You worshipped Trog.
Trog was aware of your devotion.
You were not hungry.

You visited 1 branch of the dungeon, and saw 1 of its levels.

You collected 18 gold pieces.

Inventory:

Hand Weapons
 a - a +0 hand axe (weapon)
Armour
 b - a +1 animal skin (worn)
Scrolls
 c - a scroll of enchant armour


   Skills:
 - Level 3.0 Fighting
 * Level 3.2 Axes
 - Level 1.5 Armour
 - Level 1.5 Dodging


You had one spell level left.
You didn't know any spells.

Dungeon Overview and Level Annotations

Branches:
Dungeon (1/15)

Altars:


Innate Abilities, Weirdness & Mutations

You do not eat or drink.
Your flesh is vulnerable to fire.
You are immune to poison.
Your flesh is cold resistant. (rC+)
You are immune to negative energy. (rN+++)
You are immune to unholy pain and torment.
You can survive without breathing.


Message History

Trog accepts your kill.
No target in view!
No target in view!
Things that are here:
a short sword; a kobold corpse
There is a stone staircase leading down here.
A bat comes into view.
A bat is nearby!
The bat barely misses you.
You barely miss the bat. The bat closely misses you. The bat hits you.
You take 1 damage, and have 23/24 hp.
The bat closely misses you. The bat barely misses you.
You hit the bat.
You kill the bat!
Trog accepts your kill.
No target in view!
No target in view!
A jackal comes into view.
A jackal is nearby!
A jackal is nearby!
The jackal barks!
A jackal comes into view.
You see here a scroll labeled AZIXEH OXTYA.
A jackal comes into view.
The jackal barely misses you.
You closely miss the jackal. The jackal closely misses you.
Health restored: 24 You barely miss the jackal.
The jackal barks!
The jackal barely misses you.
You hit the jackal. You miss the jackal. The jackal closely misses you.
The jackal bites you. The jackal barely misses you.
A dart slug comes into view.
You take 2 damage, and have 22/24 hp.
You barely miss the jackal. x2; The jackal bites you.
The jackal barely misses you.
The jackal bites you but does no damage.
You take 3 damage, and have 19/24 hp.
You hit the jackal.
You kill the jackal!
Trog accepts your kill.
You closely miss the jackal. The jackal bites you. x2
You take 3 damage, and have 16/24 hp.
You closely miss the jackal. You hit the jackal. The jackal bites you. x2
The jackal closely misses you.
You take 3 damage, and have 13/24 hp.
You are too injured to fight recklessly!
You are too injured to fight recklessly!
The jackal pauses to sniff the ground.
The jackal bites you.
You take 1 damage, and have 12/24 hp.
You see here a scroll labeled AZIXEH OXTYA.
A jackal comes into view.
The jackal barely misses you.
You hit the jackal. The jackal bites you.
You take 1 damage, and have 11/24 hp.
You closely miss the jackal. You hit the jackal. The jackal bites you.
The jackal misses you. The jackal barely misses you.
You take 3 damage, and have 8/24 hp.
You hit the jackal.
You kill the jackal!
Trog accepts your kill.
You closely miss the jackal. The jackal barely misses you.
The jackal closely misses you. The jackal barely misses you.
You hit the jackal. You miss the jackal. The jackal bites you.
* * * LOW HITPOINT WARNING * * *
The jackal bites you.
* * * LOW HITPOINT WARNING * * *
The jackal misses you. x2
You take 5 damage, and have 3/24 hp.
MASSIVE DAMAGE!!
As you read the scroll labeled COFFAKHI CELAX, it crumbles to dust.
It is a scroll of enchant armour.
Your +0 animal skin glows green for a moment.
The jackal bites you.
* * * LOW HITPOINT WARNING * * *
The jackal bites you but does no damage.
You take 2 damage, and have 1/24 hp.
Okay, then.
As you read the scroll labeled XYZAJ BYGOCSUT, it crumbles to dust.
The creatures around you are filled with an inner flame!
It was a scroll of immolation.
The jackal bites you but does no damage.
The jackal barely misses you.
The jackal bites you but does no damage.
You hit the jackal but do no damage. You barely miss the jackal.
The jackal closely misses you. The jackal barely misses you.
The jackal closely misses you.
You closely miss the jackal. You hit the jackal. The jackal barely misses you.
The jackal bites you but does no damage. x2
The jackal closely misses you.
You hit the jackal.
The jackal explodes!
The fiery explosion engulfs the dart slug.
The dart slug explodes!
Trog accepts your kill. The fiery explosion engulfs you!
The fire burns you terribly!
Ouch! That really hurt!
You die...

##############.#.>).......
.................#########
##############.#.#
#...###########.
##$........w....
#.§§.?...## #§§§######
##§## #@# #.h......
#########


You could see a jackal (inner flame).

Vanquished Creatures
  A dart slug (D:1)
  5 hobgoblins (D:1)
  2 jackals (D:1)
  5 bats (D:1)
  A frilled lizard (D:1)
  2 kobolds (D:1)
  2 rats (D:1)
18 creatures vanquished.

Notes
Turn   | Place    | Note
-------+----------+-------------------------------------------
     0 | D:1      | shklvsk the Mummy Berserker began the quest for the Orb.
     0 | D:1      | Reached XP level 1. HP: 18/18 MP: 1/1
   101 | D:1      | HP: 2/18 [hobgoblin/club (5)]
   539 | D:1      | Reached XP level 2. HP: 20/24 MP: 2/2
   604 | D:1      | Reached skill level 3 in Axes
   729 | D:1      | HP: 6/24 [jackal (2)]
   730 | D:1      | HP: 1/24 [jackal (2)]
   734 | D:1      | Killed from afar by a jackal

Skill      XL: |  1  2 |
---------------+-------+-----
Axes           | 3 |  3.2
Fighting       | |  3.0
Armour         | |  1.5
Dodging        | |  1.5

Action                   || total
-------------------------++-------
Melee: Hand axe          ||    51
  Use: Scroll            ||     2
Armor: Animal skin       ||    14
Dodge: Dodged            ||    48

Vault maps used:
D:1:      co_arrival_square_in_a_square_in_a_square, minmay_tree_intersection

Table legend:
 A = Turns spent in this place as a percentage of turns spent in the entire game.
 B = Non-inter-level travel turns spent in this place as a percentage of non-inter-level travel turns spent in the entire game.
 C = Inter-level travel turns spent in this place as a percentage of turns spent in this place.
 D = Turns resting spent in this place as a percentage of non-inter-level travel turns spent in this place.
 E = Turns spent auto-exploring this place as a percentage of non-inter-level travel turns spent in this place.
 F = Non-inter-level travel turns spent in this place divided by the number of levels of this place that you've seen.
                   A       B       C       D       E      F
               +-------+-------+-------+-------+-------+----------------------
         Total | 100.0 | 100.0 |   0.0 |   5.7 |   9.3 | 193.0
       Dungeon | 100.0 | 100.0 |   0.0 |   5.7 |   9.3 | 193.0
               +-------+-------+-------+-------+-------+----------------------

Table legend:
 A = Kills in this place as a percentage of kills in entire the game.
 B = Kills by you in this place as a percentage of kills by you in the entire game.
 C = Kills by friends in this place as a percentage of kills by friends in the entire game.
 D = Other kills in this place as a percentage of other kills in the entire game.
 E = Experience gained in this place as a percentage of experience gained in the entire game.
 F = Experience gained in this place divided by the number of levels of this place that you have seen.
                   A       B       C       D       E      F
               +-------+-------+-------+-------+-------+----------------------
         Total | 100.0 | 100.0 |  -nan |  -nan | 100.0 |  28.0
       Dungeon | 100.0 | 100.0 |  -nan |  -nan | 100.0 |  28.0
               +-------+-------+-------+-------+-------+----------------------
